[Event "Titled Tuesday Blitz March 07 Early 2023"]
[White "Weetik, Vjacheslav"]
[Black "Alekseenko, Kirill"]
[WhiteFideId "4153472"]
[BlackFideId "4135539"]
[WhiteElo "2469"]
[BlackElo "2683"]
[Result "1-0"]
[Round "03"]
[TimeControl "180+2"]
[Date "2023.03.07"]
[WhiteClock "0:00:02"]
[BlackClock "0:00:02"]

1. d4 d5 2. Bf4 Nf6 3. e3 e6 4. Nd2 Bd6 5. Bd3 Bxf4 6. exf4 Qd6 7. Ne2 c5 8. c3 Nc6 9. dxc5 Qxc5 10. Nb3 Qb6 11. O-O O-O 12. Qd2 Bd7 13. Rfe1 Rac8 14. Nbd4 Rfd8 15. Rac1 a6 16. Bb1 Qc5 17. f3 a5 18. Kh1 b5 19. Nxc6 Qxc6 20. Nd4 Qb6 21. f5 Re8 22. fxe6 Bxe6 23. g4 b4 24. Qf2 bxc3 25. bxc3 Nd7 26. Qh4 Nf8 27. Bd3 Rc7 28. f4 Rxc3 29. Rxc3 Qxd4 30. Qg3 Rb8 31. Rc2 Bxg4 32. Rd2 Qb4 33. Rg2 h5 34. h3 Ne6 35. hxg4 Nxf4 36. Rgg1 h4 37. Qf3 Qd2 38. Bf1 Rb2 39. Bg2 h3 40. Qg3 hxg2+ 41. Kh2 Kf8 42. Qh4 1-0


[Site "https://www.chess.com"]

[Event "Titled Tuesday Blitz March 07 Early 2023"]
[White "Tabatabaei, M. Amin"]
[Black "Aldokhin, Ivan"]
[WhiteFideId "12521213"]
[BlackFideId "24115720"]
[WhiteElo "2575"]
[BlackElo "2322"]
[Result "1-0"]
[Round "03"]
[TimeControl "180+2"]
[Date "2023.03.07"]
[WhiteClock "0:00:07"]
[BlackClock "0:00:02"]

1. e4 c5 2. Nf3 e6 3. d4 cxd4 4. Nxd4 a6 5. a3 Qc7 6. c4 Nf6 7. Nc3 b6 8. Be3 Bb7 9. f3 Be7 10. Rc1 d6 11. Be2 Nbd7 12. O-O O-O 13. b4 Rac8 14. Kh1 Rfe8 15. Na4 Qb8 16. Bg1 Bd8 17. Qb3 Nh5 18. Rfd1 Nf4 19. Bf1 Ne5 20. Ne2 Nfg6 21. Bxb6 Bg5 22. Rc2 d5 23. exd5 exd5 24. c5 Nc4 25. Nd4 Ne3 26. c6 Nxd1 27. cxb7 Rxc2 28. Qxc2 Ne3 29. Qc7 Nxf1 30. Nc6 Qxc7 31. Bxc7 Re1 32. b8=Q+ Nf8 33. h4 Bxh4 34. g4 Ne3+ 35. Kh2 Re2+ 36. Kh3 Nf1 37. Kxh4 g5+ 38. Kxg5 Kg7 39. Be5+ Rxe5+ 40. Qxe5+ Kg8 41. Ne7# 1-0


[Site "https://www.chess.com"]

[Event "Titled Tuesday Blitz March 07 Early 2023"]
[White "Kowalczyk, Pawel"]
[Black "Fedoseev, Vladimir"]
[WhiteFideId "1130641"]
[BlackFideId "24130737"]
[WhiteElo "2324"]
[BlackElo "2752"]
[Result "0-1"]
[Round "03"]
[TimeControl "180+2"]
[Date "2023.03.07"]
[WhiteClock "0:00:01"]
[BlackClock "0:00:47"]

1. e4 c5 2. Ne2 d6 3. g3 f5 4. exf5 Bxf5 5. Bg2 Qd7 6. O-O Nc6 7. d4 cxd4 8. Nxd4 Bg4 9. Qd3 Nf6 10. Nc3 Bh3 11. Re1 Bxg2 12. Kxg2 e5 13. Nf5 O-O-O 14. Bg5 d5 15. Bxf6 gxf6 16. Rad1 Bb4 17. Qf3 Bxc3 18. bxc3 Qe6 19. Ne3 Ne7 20. Rd2 Rd7 21. h4 Rhd8 22. Red1 f5 23. Re1 f4 24. Ng4 Ng6 25. h5 e4 26. Kg1 Ne5 27. Qxf4 Nxg4 28. f3 Nf6 29. c4 Nxh5 30. Qh4 Nxg3 31. cxd5 Qb6+ 32. Kg2 Rg8 33. Kh2 Nf5 34. Qf4 Qg6 35. fxe4 Qh5+ 0-1


[Site "https://www.chess.com"]

[Event "Titled Tuesday Blitz March 07 Early 2023"]
[White "Bortnyk, Olexandr"]
[Black "Matinian, Nikita"]
[WhiteFideId "14120828"]
[BlackFideId "24129100"]
[WhiteElo "2734"]
[BlackElo "2422"]
[Result "1-0"]
[Round "03"]
[TimeControl "180+2"]
[Date "2023.03.07"]
[WhiteClock "0:00:12"]
[BlackClock "0:00:07"]

1. d4 Nf6 2. Nc3 d5 3. Bf4 c6 4. e3 g6 5. h4 h5 6. Nf3 Bg4 7. Be2 Bxf3 8. Bxf3 Nbd7 9. Qe2 Qb6 10. O-O-O e6 11. a3 Qa5 12. Qd3 b5 13. Na2 Qb6 14. e4 a5 15. Rhe1 b4 16. a4 Be7 17. Kb1 Qa6 18. Qe3 dxe4 19. Bxe4 Nd5 20. Qf3 Rc8 21. Nc1 Qc4 22. Nb3 Qa6 23. Bxg6 fxg6 24. Rxe6 Rf8 25. g3 Nxf4 26. gxf4 Rf7 27. Rxg6 Nf6 28. Re1 Kd7 29. Qh3+ Kc7 30. Qe6 Rcf8 31. Rg5 Qc8 32. Qe5+ Bd6 33. Qxa5+ Kd7 34. Rg6 Nd5 35. Ree6 Rf6 36. f5 Rxg6 37. Rxg6 Rxf5 38. Rg7+ Ne7 39. Qxf5+ 1-0


[Site "https://www.chess.com"]

[Event "Titled Tuesday Blitz March 07 Early 2023"]
[White "Solovchuk, Oleksiy"]
[Black "Oparin, Grigoriy"]
[WhiteFideId "14115220"]
[BlackFideId "24125890"]
[WhiteElo "2291"]
[BlackElo "2641"]
[Result "0-1"]
[Round "03"]
[TimeControl "180+2"]
[Date "2023.03.07"]
[WhiteClock "0:01:42"]
[BlackClock "0:02:30"]

1. c4 e5 2. Nc3 Bb4 3. Nd5 a5 4. a3 Be7 5. d4 exd4 6. Nxe7 Qxe7 7. Qxd4 Nf6 8. b3 Nc6 9. Qd3 O-O 10. Bb2 Rd8 11. Qc3 d5 12. cxd5 Rxd5 13. e3 Rc5 14. Qd2 Bf5 15. Rc1 Rd8 16. Qe2 Bd3 17. Qf3 Rxc1+ 18. Bxc1 Bxf1 19. Kxf1 Qc5 0-1


[Site "https://www.chess.com"]

[Event "Titled Tuesday Blitz March 07 Early 2023"]
[White "Csonka, Balazs"]
[Black "Shimanov, Aleksandr"]
[WhiteFideId "742910"]
[BlackFideId "4198603"]
[WhiteElo "2404"]
[BlackElo "2631"]
[Result "0-1"]
[Round "03"]
[TimeControl "180+2"]
[Date "2023.03.07"]
[WhiteClock "0:00:04"]
[BlackClock "0:00:34"]

1. d4 g6 2. e4 d6 3. c4 Bg7 4. Nc3 c5 5. d5 Bxc3+ 6. bxc3 e5 7. Bd3 Qe7 8. Ne2 Nd7 9. O-O Kd8 10. a4 a5 11. Be3 Kc7 12. Qd2 f6 13. Rfb1 h5 14. h4 Qg7 15. Rb5 b6 16. Rab1 Ra6 17. Nd4 exd4 18. cxd4 Nh6 19. dxc5 dxc5 20. Bf4+ Kd8 21. Rxb6 Nxb6 22. Rxb6 Rxb6 23. Qxa5 Qb7 24. Qxc5 Ng4 25. g3 Ne5 26. Be2 Bg4 27. Bxg4 hxg4 28. a5 Rb1+ 29. Kg2 Qc7 30. Qd4 Re8 31. c5 Qxa5 32. c6 Qb5 0-1


[Site "https://www.chess.com"]

[Event "Titled Tuesday Blitz March 07 Early 2023"]
[White "Durarbayli, Vasif"]
[Black "Martynov, Pavel"]
[WhiteFideId "13402935"]
[BlackFideId "4101260"]
[WhiteElo "2543"]
[BlackElo "2314"]
[Result "0-1"]
[Round "03"]
[TimeControl "180+2"]
[Date "2023.03.07"]
[WhiteClock "0:00:11"]
[BlackClock "0:01:19"]

1. e4 c5 2. Nf3 e6 3. g3 d5 4. exd5 exd5 5. d4 Nc6 6. Bg2 Nf6 7. O-O Be7 8. dxc5 Bxc5 9. Re1+ Be7 10. Bg5 O-O 11. Nc3 Be6 12. Nd4 Nxd4 13. Qxd4 h6 14. Bf4 a6 15. Rad1 Rc8 16. Be5 Ng4 17. Qd3 Nxe5 18. Rxe5 Bf6 19. Ree1 Bxc3 20. bxc3 Qc7 21. Re3 Rfd8 22. Rde1 Qa5 23. Rxe6 fxe6 24. Bh3 Rxc3 25. Bxe6+ Kh8 26. Qd2 Rxg3+ 0-1


[Site "https://www.chess.com"]

[Event "Titled Tuesday Blitz March 07 Early 2023"]
[White "Tsydypov, Zhamsaran"]
[Black "Skliarov, Viktor"]
[WhiteFideId "4108566"]
[BlackFideId "14106736"]
[WhiteElo "2584"]
[BlackElo "2289"]
[Result "1-0"]
[Round "03"]
[TimeControl "180+2"]
[Date "2023.03.07"]
[WhiteClock "0:01:56"]
[BlackClock "0:00:09"]

1. d4 Nf6 2. c4 e6 3. Nf3 c5 4. g3 cxd4 5. Nxd4 Nc6 6. Bg2 Qb6 7. Nb3 Ng4 8. O-O h5 9. h3 Nf6 10. Be3 Qc7 11. Nc3 a6 12. Rc1 Be7 13. Nd5 exd5 14. cxd5 O-O 15. Bf4 Qb6 16. e4 g6 17. e5 Nh7 18. Be3 Qb5 19. f4 Nb4 20. d6 Bd8 21. Rc5 Qd3 22. Qxd3 Nxd3 23. Rc3 Nb4 24. a3 Nc6 25. Rfc1 Re8 26. Kh2 Nf8 27. Bd5 Ne6 28. Nd2 b5 29. Rxc6 Bb7 30. Bxe6 fxe6 31. R6c3 Kf7 32. Nb3 Bd5 33. Nc5 Bb6 34. Nxd7 Bxe3 35. Rxe3 Rac8 36. Rec3 Rxc3 37. Rxc3 g5 38. Nf6 Rb8 39. Nxd5 exd5 40. f5 h4 41. Rc7+ 1-0


[Site "https://www.chess.com"]

[Event "Titled Tuesday Blitz March 07 Early 2023"]
[White "Martinez Ramirez, Lennis"]
[Black "Narayanan.S.L"]
[WhiteFideId "3509079"]
[BlackFideId "5058422"]
[WhiteElo "2439"]
[BlackElo "2547"]
[Result "0-1"]
[Round "03"]
[TimeControl "180+2"]
[Date "2023.03.07"]
[WhiteClock "0:00:02"]
[BlackClock "0:01:47"]

1. c4 e6 2. g3 d5 3. Bg2 c6 4. Nf3 f5 5. Qc2 Nf6 6. d4 Bd6 7. O-O O-O 8. Ne1 Ne4 9. Nd3 b6 10. Bf4 Bxf4 11. Nxf4 Qd6 12. Nd3 Nd7 13. Nd2 Ba6 14. cxd5 cxd5 15. Nf3 Rfc8 16. Qa4 Bxd3 17. exd3 Nef6 18. Rfe1 h6 19. Re2 Qc6 20. Qa3 Kf7 21. Rae1 Re8 22. Qa6 Rac8 23. h3 Rc7 24. g4 fxg4 25. hxg4 g5 26. Ne5+ Nxe5 27. dxe5 Nd7 28. d4 Qc4 29. Qa3 Qxd4 30. Qd6 Qc5 31. Bxd5 Nf8 32. Qxc5 Rxc5 33. Bb3 Ng6 34. Re4 Nf4 35. Rd4 Re7 36. Kh2 a5 37. Kg3 b5 38. a4 Rb7 39. axb5 Rcxb5 40. Bc4 Rxb2 41. Ra1 R2b4 42. Kf3 Rc7 43. Rc1 Ke7 44. Ke4 a4 45. Rc3 a3 46. Rxa3 Rbxc4 0-1


[Site "https://www.chess.com"]

[Event "Titled Tuesday Blitz March 07 Early 2023"]
[White "Starozhilov, Leonid"]
[Black "Kamsky, Gata"]
[WhiteFideId "14106752"]
[BlackFideId "2000024"]
[WhiteElo "2402"]
[BlackElo "2666"]
[Result "1/2-1/2"]
[Round "03"]
[TimeControl "180+2"]
[Date "2023.03.07"]
[WhiteClock "0:00:21"]
[BlackClock "0:00:27"]

1. e4 e5 2. Nc3 Nf6 3. Nf3 Nc6 4. Bb5 Bb4 5. Bxc6 dxc6 6. d3 Nd7 7. Be3 O-O 8. O-O Bd6 9. h3 c5 10. Nd2 Nb8 11. Nc4 Nc6 12. Nxd6 cxd6 13. f4 exf4 14. Bxf4 Be6 15. Qd2 a6 16. Rae1 Qd7 17. Re3 f6 18. Ref3 Rf7 19. R3f2 Raf8 20. Bg3 b5 21. b3 Nd4 22. Ne2 Nxe2+ 23. Qxe2 d5 24. exd5 Qxd5 25. Qf3 Qxf3 26. Rxf3 Rd7 27. Re3 Kf7 28. Rfe1 Bf5 29. Bf2 Rc8 30. Rf3 Bg6 31. Rf4 h5 32. a4 c4 33. dxc4 bxc4 34. Rxc4 Rxc4 35. bxc4 Bxc2 36. a5 Bd3 37. Rd1 Ke6 38. c5 Bb5 39. Rxd7 Bxd7 40. h4 Kd5 41. c6 Bxc6 42. Bb6 Ke4 43. Kf2 Kf4 44. g3+ Kg4 45. Bd4 Kf5 46. Bb2 g5 47. Bc3 Ke6 48. Bd2 Kf5 49. Bc3 Ke6 50. Bd2 gxh4 51. gxh4 f5 52. Ke3 Ba4 53. Kf4 Bd1 54. Be1 Bg4 55. Bf2 Kd5 56. Bb6 Kc4 57. Bd8 Kb5 58. Bb6 Kc4 59. Kg3 Kb5 60. Bd8 Kc4 61. Bb6 Kb5 62. Bd8 Kc4 63. Bb6 1/2-1/2


[Site "https://www.chess.com"]

[Event "Titled Tuesday Blitz March 07 Early 2023"]
[White "Demchenko, Anton"]
[Black "Khripachenko, Alexander"]
[WhiteFideId "4160258"]
[BlackFideId "54184975"]
[WhiteElo "2545"]
[BlackElo "2384"]
[Result "1-0"]
[Round "03"]
[TimeControl "180+2"]
[Date "2023.03.07"]
[WhiteClock "0:00:32"]
[BlackClock "0:00:02"]

1. e4 c5 2. Nc3 Nc6 3. Bb5 Nd4 4. a4 e6 5. Nf3 a6 6. Bc4 Ne7 7. d3 Nec6 8. O-O Be7 9. Be3 O-O 10. Ba2 b6 11. h3 Bb7 12. Bxd4 cxd4 13. Ne2 Bc5 14. c3 dxc3 15. bxc3 d5 16. exd5 exd5 17. d4 Be7 18. Nf4 Na5 19. Ne5 Bg5 20. Qf3 Bxf4 21. Qxf4 Rc8 22. Rac1 f6 23. Ng4 Qd7 24. Ne3 Rfd8 25. Rfe1 Nc4 26. Bb1 Qd6 27. Qh4 g6 28. Ng4 Rf8 29. Re2 h5 30. Bxg6 Rc7 31. Qxh5 Bc8 32. Rce1 Bxg4 33. hxg4 Rg7 34. Re8 Ne3 35. R1xe3 1-0


[Site "https://www.chess.com"]

[Event "Titled Tuesday Blitz March 07 Early 2023"]
[White "Riff, Vincent"]
[Black "Keymer, Vincent"]
[WhiteFideId "617776"]
[BlackFideId "12940690"]
[WhiteElo "2369"]
[BlackElo "2651"]
[Result "1/2-1/2"]
[Round "03"]
[TimeControl "180+2"]
[Date "2023.03.07"]
[WhiteClock "0:00:22"]
[BlackClock "0:00:03"]

1. e4 c6 2. Nc3 d5 3. Nf3 dxe4 4. Nxe4 Nf6 5. Qe2 Nxe4 6. Qxe4 Nd7 7. Bc4 Nf6 8. Ne5 e6 9. Qe2 b5 10. Bb3 Qc7 11. d4 Bd6 12. O-O O-O 13. a4 a5 14. c4 bxc4 15. Bxc4 c5 16. Bg5 cxd4 17. Bxf6 gxf6 18. Bd3 Bxe5 19. Bxh7+ Kh8 20. Qh5 Rd8 21. Be4+ Kg7 22. Qg4+ Kf8 23. Bxa8 Bxh2+ 24. Kh1 f5 25. Qh4 Be5 26. Bf3 Qe7 27. Qxe7+ Kxe7 28. Rfd1 Ba6 29. Rac1 Rh8+ 30. Kg1 Bh2+ 31. Kh1 Bf4+ 32. Kg1 Bxc1 33. Rxc1 Rc8 34. Rd1 e5 35. Bd5 d3 36. f3 Rd8 37. Bc6 Rd6 38. Ba8 Rd4 39. b3 Rb4 40. Bd5 Kd6 41. Bxf7 e4 42. fxe4 fxe4 43. Kf2 Rb7 44. Bh5 Ke5 45. Ke3 Rxb3 46. Rc1 Rb2 47. Rc5+ Kd6 48. Rxa5 Bb7 49. Rb5 Rxb5 50. axb5 Kc5 51. Be8 Kc4 52. b6 Kc5 53. g4 Kxb6 54. g5 Kc5 55. g6 Kd6 56. g7 Bd5 57. Bg6 Ke7 58. Bxe4 Bg8 59. Bxd3 Kf6 60. Bc4 Kxg7 1/2-1/2


[Site "https://www.chess.com"]

[Event "Titled Tuesday Blitz March 07 Early 2023"]
[White "Steinberg, Nitzan"]
[Black "Kozak, Antoni"]
[WhiteFideId "2801795"]
[BlackFideId "21832030"]
[WhiteElo "2486"]
[BlackElo "2470"]
[Result "1-0"]
[Round "03"]
[TimeControl "180+2"]
[Date "2023.03.07"]
[WhiteClock "0:00:16"]
[BlackClock "0:00:06"]

1. d4 Nf6 2. Nf3 d5 3. Bf4 c6 4. e3 Bf5 5. h3 e6 6. Nbd2 Bd6 7. Bxd6 Qxd6 8. c4 O-O 9. Be2 Nbd7 10. O-O h6 11. a3 Rfe8 12. Rc1 Rad8 13. Re1 Qb8 14. b4 e5 15. cxd5 cxd5 16. dxe5 Nxe5 17. Nxe5 Qxe5 18. Nf3 Qd6 19. Nd4 Be4 20. Bf1 Rc8 21. Qb3 h5 22. Qb2 Qe5 23. Rxc8 Rxc8 24. Rc1 Rc7 25. Rc3 Ne8 26. Qc1 a6 27. h4 g6 28. Be2 Rxc3 29. Qxc3 Qc7 30. Qxc7 Nxc7 31. Nb3 b6 32. f3 Bb1 33. Kf2 Kf8 34. Ke1 Ke7 35. Kd2 Kd6 36. g3 Ba2 37. Nd4 Bc4 38. Bd1 Ne8 39. g4 Nf6 40. g5 Nd7 41. f4 Nf8 42. Nf3 Nd7 43. Bc2 Ke6 44. f5+ gxf5 45. Nd4+ Ke5 46. Nxf5 Nf8 47. Ne7 Kd6 48. Nf5+ Ke5 49. Nh6 d4 50. exd4+ Kxd4 51. Nf5+ Ke5 52. Ne3 Be6 53. Bd3 a5 54. bxa5 bxa5 55. Nc4+ Bxc4 56. Bxc4 f6 57. gxf6 Kxf6 58. Be2 Ng6 59. Bxh5 Nxh4 60. Kc3 Ke5 61. Kc4 Kd6 62. Kb5 Nf5 63. Kxa5 Nd4 64. Kb6 Nc2 65. a4 Ne3 66. Bf7 Ke7 67. a5 Kxf7 68. a6 Nc4+ 69. Kc5 1-0


[Site "https://www.chess.com"]

[Event "Titled Tuesday Blitz March 07 Early 2023"]
[White "Prokofiev, Valentyn"]
[Black "Bluebaum, Matthias"]
[WhiteFideId "14160161"]
[BlackFideId "24651516"]
[WhiteElo "2260"]
[BlackElo "2638"]
[Result "0-1"]
[Round "03"]
[TimeControl "180+2"]
[Date "2023.03.07"]
[WhiteClock "0:00:03"]
[BlackClock "0:00:06"]

1. d4 d5 2. Nf3 e6 3. c4 Nf6 4. e3 a6 5. b3 c5 6. Bd3 cxd4 7. exd4 Bb4+ 8. Bd2 Bxd2+ 9. Nbxd2 O-O 10. O-O b6 11. Rc1 dxc4 12. bxc4 Bb7 13. Qe2 Nbd7 14. Rfd1 Qc7 15. a4 Rfd8 16. a5 bxa5 17. c5 Bd5 18. Bxa6 Nb8 19. Bb5 Nc6 20. Nc4 Bxc4 21. Qxc4 h6 22. Qa4 Ne7 23. Ne5 Nfd5 24. Bd3 Rab8 25. Be4 Rb4 26. Qa3 Nf6 27. Qe3 a4 28. Bb1 Nc6 29. Nc4 Rb3 30. Qe1 Rxd4 31. Nd6 Rxd1 32. Rxd1 a3 33. Ba2 Rb2 34. Bxe6 fxe6 35. Qxe6+ Kh7 36. Qf5+ Kh8 37. Qg6 Ne5 38. Qf5 a2 39. Qxe5 Rb1 40. Rf1 Qa7 41. Nb5 Rxf1+ 42. Kxf1 a1=Q+ 43. Ke2 Qxe5+ 44. Kf3 Qaxc5 0-1


[Site "https://www.chess.com"]

[Event "Titled Tuesday Blitz March 07 Early 2023"]
[White "Dehtiarov, Roman"]
[Black "Sjugirov, Sanan"]
[WhiteFideId "14186640"]
[BlackFideId "4189302"]
[WhiteElo "2162"]
[BlackElo "2569"]
[Result "0-1"]
[Round "03"]
[TimeControl "180+2"]
[Date "2023.03.07"]
[WhiteClock "0:00:02"]
[BlackClock "0:00:03"]

1. e4 c5 2. Nc3 Nc6 3. f4 e6 4. Nf3 d6 5. Bb5 Bd7 6. O-O a6 7. Bxc6 Bxc6 8. d3 Nf6 9. Qe1 b5 10. Be3 Be7 11. h3 d5 12. e5 d4 13. exf6 gxf6 14. f5 dxe3 15. fxe6 fxe6 16. Qxe3 Qd7 17. Ne4 Qd5 18. Rae1 e5 19. Nh4 O-O-O 20. Nf5 Bf8 21. b3 Rg8 22. Rf2 Rg6 23. Rd1 c4 24. bxc4 bxc4 25. Rb1 Qa5 26. Qa7 Qc7 27. Qxa6+ Bb7 28. Qe6+ Kb8 29. c3 Ba3 30. Qxc4 Qxc4 31. dxc4 Kc7 32. Nd2 Bc5 33. Nf3 Bxf3 0-1


[Site "https://www.chess.com"]

[Event "Titled Tuesday Blitz March 07 Early 2023"]
[White "Ibarra Jerez, Jose Carlos"]
[Black "Rastbod, Ali"]
[WhiteFideId "2226332"]
[BlackFideId "12567477"]
[WhiteElo "2638"]
[BlackElo "2211"]
[Result "1-0"]
[Round "03"]
[TimeControl "180+2"]
[Date "2023.03.07"]
[WhiteClock "0:01:42"]
[BlackClock "0:00:17"]

1. e4 e6 2. d4 d5 3. Nc3 Nf6 4. Bg5 dxe4 5. Nxe4 Be7 6. Bxf6 gxf6 7. Nf3 f5 8. Nc3 a6 9. Qd2 b5 10. O-O-O Bb7 11. d5 b4 12. Bc4 bxc3 13. Qxc3 Bf6 14. Qb4 Qc8 15. dxe6 fxe6 16. Bxe6 Qxe6 17. Qxb7 Qb6 18. Rhe1+ Kf7 19. Qd5+ Kg7 20. Ne5 Ra7 21. Qf7+ Kh6 22. Rd3 Bxe5 23. Rh3+ Kg5 24. Rh5+ Kf4 25. Qxf5# 1-0


[Site "https://www.chess.com"]

[Event "Titled Tuesday Blitz March 07 Early 2023"]
[White "Yilmaz, Mustafa"]
[Black "Manelyuk, Daniil"]
[WhiteFideId "6302718"]
[BlackFideId "44173920"]
[WhiteElo "2523"]
[BlackElo "2259"]
[Result "0-1"]
[Round "03"]
[TimeControl "180+2"]
[Date "2023.03.07"]
[WhiteClock "0:00:02"]
[BlackClock "0:00:26"]

1. d4 Nf6 2. c4 c5 3. d5 b5 4. cxb5 a6 5. bxa6 g6 6. Nc3 Bg7 7. e4 O-O 8. a7 Rxa7 9. Nf3 e6 10. Be2 exd5 11. exd5 d6 12. O-O Na6 13. h3 Nc7 14. Bc4 Bb7 15. Bf4 Qd7 16. Re1 Rb8 17. Qd3 Ba6 18. b3 Bxc4 19. bxc4 Ra3 20. Rab1 Rba8 21. Bd2 Na6 22. Rb3 Nb4 23. Qb1 R3a6 24. a4 Ne8 25. Nb5 Rxa4 26. Bxb4 cxb4 27. Rxb4 Ra1 28. Qe4 Nf6 29. Qe2 Re8 30. Qd2 Rexe1+ 31. Nxe1 Qe7 32. Kf1 Ne4 33. Qe2 Bh6 34. Nd4 Nd2+ 35. Kg1 Rxe1+ 0-1


[Site "https://www.chess.com"]

[Event "Titled Tuesday Blitz March 07 Early 2023"]
[White "Mitrabha, Guha"]
[Black "Odegov, Artem"]
[WhiteFideId "5057000"]
[BlackFideId "34183644"]
[WhiteElo "2507"]
[BlackElo "2300"]
[Result "1-0"]
[Round "03"]
[TimeControl "180+2"]
[Date "2023.03.07"]
[WhiteClock "0:02:45"]
[BlackClock "0:02:23"]

1. d4 d5 2. Bf4 c5 3. e3 Nc6 4. Nc3 a6 5. Nf3 Nf6 6. dxc5 Bf5 7. Bd3 g6 8. O-O Qa5 9. Bxf5 gxf5 10. Nxd5 Qxc5 1-0


[Site "https://www.chess.com"]

[Event "Titled Tuesday Blitz March 07 Early 2023"]
[White "Talibov, Shiroghlan"]
[Black "Maksimenko, Viktor"]
[WhiteFideId "13429078"]
[BlackFideId "13710478"]
[WhiteElo "2218"]
[BlackElo "2277"]
[Result "1/2-1/2"]
[Round "03"]
[TimeControl "180+2"]
[Date "2023.03.07"]
[WhiteClock "0:00:08"]
[BlackClock "0:01:07"]

1. c4 e5 2. Nc3 Bb4 3. g3 Bxc3 4. bxc3 d6 5. Bg2 Ne7 6. d4 f6 7. e4 O-O 8. Ne2 Be6 9. d5 Bg4 10. f3 Bh5 11. O-O Nd7 12. Be3 Nc5 13. Qc2 b6 14. g4 Be8 15. Ng3 Kh8 16. h4 Ng6 17. h5 Nf4 18. Bxf4 exf4 19. Ne2 g5 20. hxg6 hxg6 21. Nxf4 g5 22. Ne2 Bg6 23. Kf2 Kg7 24. Rh1 Qe7 25. Nd4 Qe5 26. Rae1 Rh8 27. Nf5+ Kf7 28. Ng3 Qf4 29. Qe2 a5 30. Qe3 Qe5 31. Qd4 Kg7 32. Qd2 Qf4 33. Qe3 Qe5 34. Rxh8 Rxh8 35. Rh1 Rxh1 36. Bxh1 Qf4 37. Qxf4 Nd3+ 38. Ke3 Nxf4 39. Ne2 Nxe2 40. Kxe2 Kf7 41. Bg2 Ke7 42. Ke3 Be8 43. Bf1 Bd7 44. a3 Bc8 45. Be2 Bd7 46. f4 gxf4+ 47. Kxf4 Bc8 48. g5 fxg5+ 49. Kxg5 Bh3 50. Kf4 Kf6 51. Bd3 Bd7 52. Be2 Be8 53. Bd3 Bg6 54. Be2 Be8 55. Bf1 Ba4 56. Be2 Bd7 1/2-1/2


[Site "https://www.chess.com"]

[Event "Titled Tuesday Blitz March 07 Early 2023"]
[White "Perez Ponsa, Federico"]
[Black "Janaszak, Dawid"]
[WhiteFideId "117927"]
[BlackFideId "1119206"]
[WhiteElo "2592"]
[BlackElo "2220"]
[Result "1-0"]
[Round "03"]
[TimeControl "180+2"]
[Date "2023.03.07"]
[WhiteClock "0:00:33"]
[BlackClock "0:00:05"]

1. e4 c5 2. Nf3 Nc6 3. d4 cxd4 4. Nxd4 g6 5. c4 Bg7 6. Be3 Qb6 7. Nb3 Qd8 8. Nc3 Bxc3+ 9. bxc3 d6 10. Bd3 Be6 11. f4 b6 12. O-O Nf6 13. f5 Bd7 14. Bh6 Rg8 15. Kh1 gxf5 16. exf5 Ne5 17. Nd4 Rc8 18. Qe2 Qc7 19. Rae1 Bc6 20. Nxc6 Qxc6 21. Bf4 Nfd7 22. Be4 Qxc4 23. Qd1 Qxa2 24. Bd5 Qb2 25. f6 exf6 26. Bxe5 Nxe5 27. Rxf6 Rg7 28. Bxf7+ Rxf7 29. Qxd6 Rxf6 30. Rxe5+ Kf7 31. Re7+ Kg6 32. Qg3+ Kf5 33. Re5# 1-0


[Site "https://www.chess.com"]

[Event "Titled Tuesday Blitz March 07 Early 2023"]
[White "Volkov, Sergey"]
[Black "Belov, Alexei"]
[WhiteFideId "4122763"]
[BlackFideId "4128206"]
[WhiteElo "2401"]
[BlackElo "2574"]
[Result "1/2-1/2"]
[Round "03"]
[TimeControl "180+2"]
[Date "2023.03.07"]
[WhiteClock "0:01:39"]
[BlackClock "0:00:33"]

1. d4 e6 2. c4 d5 3. Nc3 Be7 4. cxd5 exd5 5. Bf4 c6 6. e3 Bf5 7. Bd3 Bxd3 8. Qxd3 Nf6 9. Nf3 Nbd7 10. O-O O-O 11. Rab1 a5 12. a3 Re8 13. b4 axb4 14. axb4 b5 15. Qc2 Nb6 16. Ne5 Qc8 17. Qb3 Nc4 18. Rfd1 Ra3 19. Qc2 Qa6 20. h3 g6 21. Bg5 Rxc3 22. Qxc3 Ne4 23. Qa1 Qxa1 24. Rxa1 Bxg5 25. Nxc6 Rc8 26. Ra6 Kg7 27. g3 h5 28. h4 Bf6 29. Kg2 Ned6 30. Rda1 Rc7 31. R1a2 Ne4 32. Ra1 Ned6 33. R1a2 Ne4 34. Ra1 Ned6 1/2-1/2


[Site "https://www.chess.com"]

[Event "Titled Tuesday Blitz March 07 Early 2023"]
[White "Ilinca Ilinca, Felix Antonio"]
[Black "Zakhartsov, Vladimir"]
[WhiteFideId "54764998"]
[BlackFideId "4145097"]
[WhiteElo "2031"]
[BlackElo "2521"]
[Result "1-0"]
[Round "03"]
[TimeControl "180+2"]
[Date "2023.03.07"]
[WhiteClock "0:00:31"]
[BlackClock "0:00:01"]

1. e4 c5 2. Nf3 d6 3. Bb5+ Nd7 4. g4 a6 5. Be2 g6 6. d3 Bg7 7. h4 Ngf6 8. g5 Nh5 9. Nh2 b5 10. Bxh5 gxh5 11. Nc3 Bb7 12. f4 d5 13. e5 d4 14. Ne4 Bxe4 15. dxe4 Qb6 16. Qxh5 h6 17. Qg4 hxg5 18. hxg5 O-O-O 19. Bd2 Rh7 20. O-O-O Rdh8 21. Qg2 Qe6 22. Kb1 Qh3 23. Qe2 Nb6 24. c3 Nc4 25. cxd4 cxd4 26. Bc1 Qg3 27. Nf1 d3 28. Rxd3 Rxh1 29. Rxg3 Kb8 30. b3 Nb6 31. Qf2 Kb7 32. Be3 Nc8 33. Rg2 e6 34. Kb2 Ne7 35. Rh2 R8xh2 36. Nxh2 Nc6 37. Nf3 Rh3 38. a3 a5 39. Bd2 1-0


[Site "https://www.chess.com"]

[Event "Titled Tuesday Blitz March 07 Early 2023"]
[White "Zhigalko, Sergei"]
[Black "Strahov, Andrej"]
[WhiteFideId "13502956"]
[BlackFideId "4165489"]
[WhiteElo "2626"]
[BlackElo "2566"]
[Result "0-1"]
[Round "03"]
[TimeControl "180+2"]
[Date "2023.03.07"]
[WhiteClock "0:00:05"]
[BlackClock "0:00:17"]

1. e4 e5 2. Nf3 Nc6 3. Bc4 Bc5 4. b4 Bxb4 5. c3 Ba5 6. d4 Qe7 7. O-O Bb6 8. a4 Nf6 9. Bd5 a5 10. dxe5 Nxe5 11. Nbd2 d6 12. Nxe5 dxe5 13. Nf3 Bg4 14. Bxb7 Rd8 15. Bc6+ Bd7 16. Bxd7+ Rxd7 17. Qe2 O-O 18. Qc4 Rfd8 19. Ba3 Qe8 20. h3 h6 21. Rab1 Rd3 22. Rb5 Qe6 23. Qxe6 fxe6 24. Nxe5 Rxc3 25. Be7 Rd4 26. Bxf6 gxf6 27. Ng4 Kg7 28. Re1 Rxa4 29. Rh5 Rcc4 30. Rxh6 Rxe4 31. Rxe4 Rxe4 32. Rxf6 Rxg4 33. Rxe6 Rf4 34. g3 Bxf2+ 35. Kg2 Rf7 36. Re5 Bb6 37. h4 Rf8 38. g4 a4 39. Re4 Ra8 40. Re2 a3 41. Ra2 Bc5 42. Kf3 Rb8 43. Ke4 Rb2 44. Ra1 a2 45. Kd5 Bd6 46. g5 Rh2 47. Ke6 Kg6 48. Rxa2 Rxa2 0-1


[Site "https://www.chess.com"]

[Event "Titled Tuesday Blitz March 07 Early 2023"]
[White "Narayanan, Srinath"]
[Black "Borrmann, Laurenz"]
[WhiteFideId "5018420"]
[BlackFideId "312187930"]
[WhiteElo "2438"]
[BlackElo "2312"]
[Result "0-1"]
[Round "03"]
[TimeControl "180+2"]
[Date "2023.03.07"]
[WhiteClock "0:00:03"]
[BlackClock "0:00:10"]

1. d4 Nf6 2. Nf3 e6 3. Bf4 d5 4. e3 Bd6 5. Ne5 O-O 6. Nd2 c5 7. c3 Qc7 8. Bd3 Nbd7 9. Ndf3 Ne4 10. Nxd7 Bxd7 11. Bxd6 Qxd6 12. Bxe4 dxe4 13. Ne5 Bb5 14. h4 f6 15. Ng4 Rad8 16. h5 cxd4 17. exd4 Kh8 18. h6 g6 19. Qd2 e5 20. Rd1 Qe6 21. Ne3 exd4 22. cxd4 Qxa2 23. d5 Bd3 24. f4 Qb3 25. Kf2 Qb6 26. Kg3 Qd6 27. Qf2 g5 28. Kh3 gxf4 29. Ng4 Rg8 30. Qh4 Rg6 31. Rc1 Be2 32. Nf2 Rdg8 33. Nxe4 Qxd5 34. Rhe1 Qxe4 35. Qf2 Qf5+ 36. Kh2 Qh5+ 37. Kg1 Bf3 0-1


[Site "https://www.chess.com"]